 Dungeon Crawl Stone Soup version 0.21.1-1-g345015fe64 (webtiles) character file.

74 KleinerIrrer the Insei (level 4, -3/31 HPs)
             Began as an Octopode Monk on Mar 25, 2018.
             Killed by divine providence
             ... invoked by an orc priest
              (14 damage)
             ... on level 3 of the Dungeon.
             The game lasted 00:01:38 (1758 turns).

KleinerIrrer the Insei (Octopode Monk)              Turns: 1758, Time: 00:01:38

Health: -3/31      AC:  1    Str: 11    XL:     4   Next: 30%
Magic:  4/4        EV: 15    Int: 12    God:
Gold:   64         SH:  0    Dex: 14    Spells: 3/3 levels left

rFire    . . .     SeeInvis .     - Unarmed
rCold    . . .     Gourm    .   (no shield)
rNeg     . . .     Faith    .   (helmet restricted)
rPois    .         Spirit   .   (no amulet)
rElec    .         Reflect  .   k - ring of resist corrosion
rCorr    +         Harm     .   (no ring)
MR       .....                  (no ring)
Stlth    +++.......             (no ring)
HPRegen  0.10/turn              (no ring)
MPRegen  0.09/turn              (no ring)
                                (no ring)
                                (no ring)

@: no status effects
A: almost no armour, stealthy swim, amphibious, 8 rings, constrict 8, camouflage
1, gelatinous body 1
a: no special abilities


You were on level 3 of the Dungeon.
You were not hungry.

You visited 1 branch of the dungeon, and saw 3 of its levels.

You collected 64 gold pieces.

Inventory:

Jewellery
 k - a ring of resist corrosion (left tentacle)
Scrolls
 b - 2 scrolls of identify {unknown}
 c - 3 scrolls of remove curse {unknown}
 d - a scroll of fog {unknown}
 e - 2 scrolls of enchant armour {unknown}
 g - a scroll of teleportation {unknown}
 j - a scroll of fear {unknown}
Potions
 f - a potion of curing {unknown}
 h - a potion of might {unknown}
 i - a potion of brilliance {unknown}
Comestibles
 a - 4 rations
 l - 2 chunks of flesh


   Skills:
 - Level 3.0 Fighting
 + Level 3.7 Dodging
 + Level 3.7 Stealth
 + Level 4.0 Unarmed Combat


You had 3 spell levels left.
You didn't know any spells.

Dungeon Overview and Level Annotations

Branches:
Dungeon (3/15)

Altars:


Innate Abilities, Weirdness & Mutations

You cannot wear most types of armour.
You are very stealthy in the water. (Stealth+)
You are amphibious.
You can wear up to eight rings at the same time.
You can use your tentacles to constrict eight enemies at once.
Your skin changes colour to match your surroundings (Stealth+).
Your rubbery body absorbs attacks. (AC +1, EV +1)


Message History

The orc wizard hits you with a dagger. The orc hits you with a club.
You are too injured to fight recklessly!
You are too injured to fight recklessly!
You are too injured to fight recklessly!
You are too injured to fight recklessly!
You are too injured to fight recklessly!
You are too injured to fight recklessly!
You are too injured to fight recklessly!
You are too injured to fight recklessly!
You are too injured to fight recklessly!
You are too injured to fight recklessly!
You are too injured to fight recklessly!
You are too injured to fight recklessly!
You are too injured to fight recklessly!
You are too injured to fight recklessly!
Unknown command.
You release your grip on the orc wizard.
The orc priest invokes the aid of Beogh against you.
Beogh smites you!
You die...

........# #.#............#
##......# #.#.)..........#
.......# #..............#
..#.....######.####.........
.........# #.........
.######..###.........
#...##.........
#.#.##r.......
#####.#@.#.....[. .....g...#
......oo.# .....oo....
............. ..o.......#.##
............# .........#..#
.........#..#


You could see an orc priest, an orc wizard, 3 orcs and a goblin.

Vanquished Creatures
  A hound (D:3)
  An adder (D:2)
  A worm (D:2)
  A dart slug (D:1)
  An orc (D:3)
  A giant cockroach (D:2)
  4 goblins
  2 hobgoblins (D:1)
  4 jackals (D:1)
  4 kobolds
  A ball python (D:1)
  5 bats
  4 rats
30 creatures vanquished.

Notes
Turn   | Place    | Note
-------+----------+-------------------------------------------
     0 | D:1      | KleinerIrrer the Octopode Monk began the quest for the Orb.
     0 | D:1      | Reached XP level 1. HP: 16/16 MP: 1/1
   248 | D:1      | Reached XP level 2. HP: 21/21 MP: 2/2
   318 | D:1      | HP: 1/21 [kobold/short sword (7)]
  1248 | D:2      | Reached XP level 3. HP: 26/26 MP: 3/3
  1706 | D:3      | Reached skill level 4 in Unarmed Combat
  1706 | D:3      | Reached XP level 4. HP: 31/31 MP: 4/4
  1758 | D:3      | Killed from afar by an orc priest

Skill      XL: |  1  2  3 |
---------------+----------+-----
Stealth        | 3 |  3.7
Unarmed Combat | 4 |  4.0
Fighting       | |  3.0
Dodging        | |  3.7

Action                   |  1- 3 |  4- 6 || total
-------------------------+-------+-------++-------
Melee: Unarmed           |    55 |     7 ||    62
       Constrict         |    16 |     3 ||    19
       Tentacles         |     6 |     1 ||     7
       Punch             |       |     1 ||     1
 Stab: Sleeping          |     6 |     1 ||     7
  Eat: Chunk             |     2 |     1 ||     3
Armor: Skin              |     4 |       ||     4
Dodge: Dodged            |    35 |     4 ||    39
